 Dungeon Crawl Stone Soup version 0.30.0-29-ga12c61a403 (webtiles) character file.

Game seed: 16767318051871053564

217 qw the Chopper (level 5, 0/33 HPs)
             Began as a Gargoyle Fighter on June 5, 2023.
             Slain by an orc wizard
             ... wielding a +0 dagger
              (3 damage)
             ... on level 4 of the Dungeon.
             The game lasted 00:01:33 (3616 turns).

qw the Chopper (Gargoyle Fighter)                   Turns: 3616, Time: 00:01:34

Health: 0/33       AC: 17    Str: 22    XL:     5   Next: 94%
Magic:  5/5        EV:  6    Int:  8    God:
Gold:   329        SH:  4    Dex:  6    Spells: 4/4 levels left

rFire   . . .        Y - +0 war axe
rCold   + . .        c - +0 buckler
rNeg    + . .        n - +0 plate armour
rPois   inf          (no helmet)
rElec   +            (no cloak)
rCorr   +            b - +0 pair of gloves "Giblyw Wazu" {Fly rC+ Dex-3}
SInv    .            o - +0 pair of boots
Will    .....        (no amulet) Stlth
                     a - ring of resist corrosion
HPRegen 0.25/turn    (no ring)
MPRegen 0.09/turn

%: no passive effects
@: about to teleport, flying
A: sickness immunity, AC +4, negative energy resistance 1, electricity
resistance, torment resistance 1, petrification resistance
a: no special abilities


You were on level 4 of the Dungeon.
You visited 1 branch of the dungeon, and saw 4 of its levels.

You collected 329 gold pieces.


Innate Abilities, Weirdness & Mutations

You are immune to sickness and miasma.
Your stone body is resilient. (AC +4)
You are immune to poison.
You resist negative energy. (rN+)
You are resistant to electric shocks. (rElec)
You are resistant to unholy torment.
You are immune to petrification.


   Skills:
 + Level 3.8 Fighting
 - Level 5.0 Axes
 - Level 1.0 Throwing
 - Level 3.2 Armour
 - Level 3.2 Shields


You had 4 spell levels left.
You didn't know any spells.
Your spell library was empty.

Inventory:

Hand Weapons
 g - a +0 flail
 Y - a +0 war axe (weapon)
Missiles
 f - 4 boomerangs
 l - 6 javelins (quivered)
Armour
 b - the +0 pair of gloves "Giblyw Wazu" (worn) {Fly rC+ Dex-3}
   (You acquired it on level 3 of the Dungeon)

   Dex:       It affects your dexterity (-3).
   rC:        It protects you from cold.
   Fly:       It grants you flight.
 c - a +0 buckler (worn)
 k - a +0 pair of gloves
 n - a +0 plate armour (worn)
 o - a +0 pair of boots (worn)
Jewellery
 a - a ring of resist corrosion (left hand)
 h - a ring of protection from fire
Scrolls
 e - a scroll of identify
 i - a scroll of noise {unknown}
Potions
 d - 3 potions of might

Dungeon Overview and Level Annotations

Branches:
Dungeon (4/15)             Temple (0/1) D:4

Altars:
Ashenzari
Nemelex Xobeh


Message History

The orc hits you but does no damage.
An orc comes into view. It is wielding a +0 war axe.
The orc wizard barely misses you.
The orc wizard hits you but does no damage.
The orc shouts!
The orc hits you but does no damage. x2
The orc wizard casts a spell at you. You resist with some effort.
The orc wizard hits you but does no damage.
The orc hits you with a +0 club.
The orc wizard points at you and mumbles some strange words.
You resist with some effort.
The orc wizard hits you but does no damage.
The orc hits you but does no damage. The orc hits you but does no damage. x2
The orc wizard hits you with a +0 dagger.
The orc wizard hits you but does no damage.
The orc barely misses you. The orc hits you but does no damage. x2
The orc wizard hits you but does no damage. x2
The orc hits you but does no damage. The orc hits you with a +0 war axe.
The orc wizard hits you but does no damage.
The orc wizard gestures at you while chanting.
The magic dart hits you. The orc hits you but does no damage.
You feel less confused. You block the orc's attack.
The orc hits you with a +0 war axe.
The orc wizard hits you with a +0 dagger. x2
You closely miss the orc wizard. You barely miss the orc.
You barely miss the orc wizard. You barely miss the orc. You hit the orc.
You block the orc's attack.
The orc hits you with a +2 heavy hand axe!
You block the orc's attack.
The orc wizard hits you but does no damage.
The orc wizard gestures at you while chanting.
The puff of flame hits you but does no damage.
3616 ||| READING scroll of teleportation.
As you read the scroll of teleportation, it crumbles to dust.
You feel strangely unstable. The orc hits you but does no damage.
The orc hits you with a +0 war axe.
The orc wizard hits you with a +0 dagger.
You die...

#.#.......# #.#..#
##.#######.# #.#..#
#....# #.# #.#..#
#...## ..#...#..#
#...# ##..........
##...####...7
#.........7 .7.
#........o77.....
####
#.......o@oJ.._..
...#
#.....$.oo77.....
...# #$........7 7.7.
########........... 7
.....................
#..<.##.........#<..
#....##<............
##......##.######....
.#......# #


You could see 2 orc wizards, 3 orcs and an endoplasm.

Vanquished Creatures
  A sleepcap (D:4)
  An orc wizard (D:4)
  4 gnolls
  4 adders
  2 worms
  4 dart slugs
  3 orcs (D:4)
  4 bats
  8 endoplasms
  3 giant cockroaches
  6 goblins
  8 hobgoblins
  7 jackals
  A kobold (D:3)
  2 quokkas
  3 ball pythons
  7 frilled lizards
  6 rats
74 creatures vanquished.

Notes
Turn   | Place    | Note
-------+----------+-------------------------------------------
     0 | D:1      | qw the Gargoyle Fighter began the quest for the Orb.
     0 | D:1      | Reached XP level 1. HP: 14/14 MP: 1/1
     0 | D:1      | 0 ||| qw: Version: 0.2-a-108-gee2c290
     0 | D:1      | 0 ||| qw: Game counter: 1438
     0 | D:1      | 0 ||| qw: Always use a shield: true
     0 | D:1      | 0 ||| qw: God list: Okawaru
     0 | D:1      | 0 ||| qw: Allow faded altars: false
     0 | D:1      | 0 ||| qw: Do Orc after D:15 true
     0 | D:1      | 0 ||| qw: Do second Lair branch before Depths: true
     0 | D:1      | 0 ||| qw: Lair rune preference: random
     0 | D:1      | 0 ||| qw: Plans: Normal, Zot:1-4, Slime:5, God:TSO, Crypt,
                  | Tomb, Abyss, Pan, Hells, Win
     0 | D:1      | 0 ||| PLANNING D:1-11
    64 | D:1      | Reached skill level 2 in Axes
   131 | D:1      | Reached XP level 2. HP: 15/19 MP: 2/2
   339 | D:1      | 339 ||| UPGRADING to +0 chain mail.
   351 | D:1      | 351 ||| DROPPING +0 scale mail.
   600 | D:1      | Reached skill level 3 in Axes
   686 | D:1      | 686 ||| Stepping ~*~*~tactically~*~*~ (stealth).
   694 | D:1      | 694 ||| Stepping ~*~*~tactically~*~*~ (stealth).
   700 | D:1      | Reached XP level 3. HP: 23/23 MP: 3/3
  1044 | D:1      | 1044 ||| READING scroll labelled JUYMPAOPAO.
  1045 | D:1      | 1045 ||| READING scroll labelled NAMISTR MOOMAE.
  1046 | D:1      | 1046 ||| READING 2 scrolls labelled PAF ARATOTIDEUTT.
  1070 | D:2      | 1070 ||| STAIRDANCE
  1098 | D:2      | 1098 ||| STAIRDANCE
  1146 | D:2      | Reached XP level 4. HP: 28/28 MP: 4/4
  1152 | D:2      | 1152 ||| Stepping ~*~*~tactically~*~*~ (stealth).
  1169 | D:2      | Found a sparkling altar of Nemelex Xobeh.
  1186 | D:2      | Reached skill level 4 in Axes
  1335 | D:2      | 1335 ||| Stepping ~*~*~tactically~*~*~ (stealth).
  1337 | D:2      | 1337 ||| Stepping ~*~*~tactically~*~*~ (hiding).
  1349 | D:2      | 1349 ||| FLEEEEING.
  1350 | D:2      | 1350 ||| FLEEEEING.
  1351 | D:2      | 1351 ||| FLEEEEING.
  1352 | D:2      | 1352 ||| FLEEEEING.
  1353 | D:2      | 1353 ||| FLEEEEING.
  1354 | D:2      | 1354 ||| FLEEEEING.
  1355 | D:2      | 1355 ||| FLEEEEING.
  1356 | D:2      | 1356 ||| FLEEEEING.
  1357 | D:2      | 1357 ||| FLEEEEING.
  1358 | D:2      | 1358 ||| FLEEEEING.
  1359 | D:2      | 1359 ||| FLEEEEING.
  1360 | D:2      | 1360 ||| FLEEEEING.
  1361 | D:2      | 1361 ||| FLEEEEING.
  1362 | D:2      | 1362 ||| FLEEEEING.
  1363 | D:2      | 1363 ||| FLEEEEING.
  1364 | D:2      | 1364 ||| FLEEEEING.
  1365 | D:2      | 1365 ||| FLEEEEING.
  1366 | D:2      | 1366 ||| FLEEEEING.
  1367 | D:2      | 1367 ||| FLEEEEING.
  1368 | D:2      | 1368 ||| FLEEEEING.
  1702 | D:2      | Reached XP level 5. HP: 28/32 MP: 5/5
  2092 | D:2      | 2092 ||| UPGRADING to +0 pair of gloves.
  2097 | D:2      | 2097 ||| UPGRADING to ring of resist corrosion.
  2098 | D:2      | 2098 ||| READING scroll labelled NOCONL SEUMIER.
  2119 | D:2      | 2119 ||| READING 3 scrolls of identify.
  2119 | D:2      | 2119 ||| IDENTIFYING bubbling dark potion
  2120 | D:2      | 2120 ||| READING 2 scrolls of identify.
  2120 | D:2      | 2120 ||| IDENTIFYING viscous silvery potion
  2121 | D:2      | 2121 ||| DROPPING potion of invisibility.
  2122 | D:2      | 2122 ||| DROPPING potion of degeneration.
  2352 | D:3      | Reached skill level 1 in Throwing
  2488 | D:3      | Identified the +7 mace of the Asp {freeze, rElec rPois}
  2490 | D:3      | 2490 ||| DROPPING +7 mace of the Asp {freeze, rElec rPois}.
  2986 | D:3      | 2986 ||| UPGRADING to +0 plate armour.
  2996 | D:3      | 2996 ||| DROPPING +0 chain mail.
  2997 | D:3      | 2997 ||| UPGRADING to +0 pair of boots.
  3002 | D:3      | 3002 ||| READING scroll labelled ETUGEC PEHU.
  3003 | D:3      | 3003 ||| READING scroll labelled GERAPL SANUEJ.
  3003 | D:3      | Identified a scroll of acquirement
  3003 | D:3      | 3003 ||| ACQUIRING +0 pair of gloves "Giblyw Wazu" {Fly rC+
                  | Dex-3}
  3003 | D:3      | Acquired the +0 pair of gloves "Giblyw Wazu" {Fly rC+
                  | Dex-3}
  3005 | D:3      | 3005 ||| UPGRADING to +0 pair of gloves "Giblyw Wazu" {Fly
                  | rC+ Dex-3}.
  3020 | D:3      | 3020 ||| READING scroll labelled HYS YSKASIK.
  3021 | D:3      | 3021 ||| READING scroll labelled VOT EROURR.
  3022 | D:3      | 3022 ||| DRINKING 2 dark potions.
  3023 | D:3      | 3023 ||| READING 2 scrolls of identify.
  3023 | D:3      | 3023 ||| IDENTIFYING fuming brown potion
  3024 | D:3      | 3024 ||| DROPPING potion of brilliance.
  3081 | D:4      | 3081 ||| PLANNING SEWER
  3086 | D:4      | Found a staircase to the Ecumenical Temple.
  3127 | D:4      | 3127 ||| Stepping ~*~*~tactically~*~*~ (stealth).
  3144 | D:4      | 3144 ||| Stepping ~*~*~tactically~*~*~ (stealth).
  3274 | D:4      | Reached skill level 5 in Axes
  3390 | D:4      | 3390 ||| Stepping ~*~*~tactically~*~*~ (hiding).
  3592 | D:4      | 3592 ||| Stepping ~*~*~tactically~*~*~ (hiding).
  3592 | D:4      | Found a broken altar of Ashenzari.
  3593 | D:4      | 3593 ||| Stepping ~*~*~tactically~*~*~ (hiding).
  3606 | D:4      | HP: 8/33 [orc wizard/magic dart (6)]
  3607 | D:4      | 3607 ||| DRINKING potion of heal wounds.
  3615 | D:4      | HP: 6/33 [orc/+2 heavy hand axe (11)]
  3616 | D:4      | 3616 ||| READING scroll of teleportation.
  3616 | D:4      | Slain by an orc wizard

Levels and vault maps discovered:
D:1:      kennysheep_arrival_seaside, layout_loops_corners,
          minmay_strange_pillars
D:2:      layout_basic, basic_altar, minmay_gold_behind_fungi
D:3:      layout_basic, chequers_serial_rivers_small_b,
          chequers_serial_rivers_small_a
D:4:      layout_basic, mainiacjoe_overflow_small_starburst,
          minmay_temple_entry_statues_pillars, gup_sewer_entry_bowl

Skill      XL: |  1  2  3  4  5 |
---------------+----------------+-----
Axes           | 2 3 4 5 |  5.0
Throwing       | 1 |  1.0
Fighting       | |  3.8
Armour         | |  3.2
Shields        | |  3.2

Action                     |  1- 3 |  4- 6 || total
---------------------------+-------+-------++-------
  Melee: War axe           |    69 |   144 ||   213
  Throw: Boomerang         |       |     6 ||     6
         Javelin           |       |    26 ||    26
    Use: Scroll            |     3 |     9 ||    12
         Potion            |       |     2 ||     2
 Armour: Scale mail        |     8 |       ||     8
         Chain mail        |    17 |    55 ||    72
         Plate armour      |       |    91 ||    91
  Dodge: Dodged            |    23 |    51 ||    74
  Block: Buckler           |    13 |    16 ||    29

Table legend:
 A = Non-vault XP
 B = Vault XP
 C = Vault XP percentage of total XP
 D = Non-vault monster count
 E = Vault monster count
 F = Vault count percentage of total count
                 A         B        C        D         E       F
            +---------+---------+-------+---------+---------+-------
      Total |     311 |       0 |   0.0 |      74 |       0 |   0.0
            +---------+---------+-------+---------+---------+-------
        D:1 |      66 |       0 |   0.0 |      24 |       0 |   0.0
        D:2 |     109 |       0 |   0.0 |      26 |       0 |   0.0
        D:3 |      34 |       0 |   0.0 |      12 |       0 |   0.0
        D:4 |     102 |       0 |   0.0 |      12 |       0 |   0.0
            +---------+---------+-------+---------+---------+-------
